Map: Avalon Labs

Players

Njwboom - Winner!

  • Race: Protoss Protoss
  • League: Diamond

Manta - Winner!

  • Race: Zerg Zerg
  • League: Silver

Zarc - Winner!

  • Race: Terran Terran
  • League: Bronze

Rye

  • Race: Terran Terran

MadKid

  • Race: Protoss Protoss

Doraemxi

  • Race: Terran Terran

VOD

Have the link to the VOD?

Description

Time

  • Played on: Feb. 18, 2016, 9:38 p.m.
  • Length: 12:54
Show
View Real Time Build Order
Export as new Build Order

Njwboom Protoss - Winner!

Build Orders: Nexus First 

Get SALT Encoding   

  12  0:01  Probe (Chrono Boost)  
  13  0:12  Probe (Chrono Boost)  
  14  0:20  Pylon  
  14  0:22  Probe (Chrono Boost)  
  15  0:39  Probe (Chrono Boost)  
  16  0:49  Probe (Chrono Boost)  
  17  1:00  Nexus  
  17  1:11  Gateway  
  17  1:14  Assimilator  
  17  1:17  Probe (Chrono Boost)  
  18  1:22  Assimilator  
  18  1:28  Probe (Chrono Boost)  
  19  1:38  Probe (Chrono Boost)  
  20  1:48  Pylon  
  20  1:49  Probe (Chrono Boost)  
  21  1:59  Probe (Chrono Boost)  
  22  2:03  Cybernetics Core  
  21  2:12  Probe (Chrono Boost)  
  21  2:14  Probe (Chrono Boost)  
  24  2:22  Probe (Chrono Boost)  
  24  2:24  Probe (Chrono Boost)  
  25  2:32  Assimilator  
  25  2:33  Probe (Chrono Boost)  
  25  2:35  Assimilator, Probe (Chrono Boost)  
  27  2:39  Pylon  
  27  2:46  Probe x2 (Chrono Boost)  
  29  3:00  Probe x2 (Chrono Boost)  
  29  3:04  Stargate  
  31  3:12  Stargate  
  31  3:13  Stargate  
  31  3:15  Probe x2 (Chrono Boost)  
  33  3:26  Stalker (Chrono Boost)  
  32  4:05  Oracle x2 (Chrono Boost)  
  36  4:26  Probe x2  
  36  4:27  Fleet Beacon  
  36  4:29  Pylon  
  37  4:38  Probe x2  
  34  5:02  Probe x2  
  36  5:12  Tempest (Chrono Boost)  
  40  5:14  Probe x2 (Chrono Boost)  
  42  5:26  Probe x2 (Chrono Boost)  
  44  5:33  Nexus  
  44  5:35  Assimilator  
  44  5:37  Probe x2 (Chrono Boost)  
  44  5:38  Tempest  
  44  5:40  Assimilator  
  50  5:51  Tempest  
  54  6:03  Probe x2 (Chrono Boost)  
  56  6:14  Probe x2 (Chrono Boost), Tempest  
  62  6:35  Pylon  
  62  6:37  Pylon  
  62  6:44  Tempest  
  66  7:03  Tempest x2  
  74  7:18  Probe x3 (Chrono Boost)  
  77  7:28  Probe (Chrono Boost)  
  75  7:42  Tempest  
  79  7:46  Stargate  
  79  8:06  Tempest x2  
  79  8:25  Tempest  
  83  8:31  Tempest  
  83  8:48  Tempest  
  83  8:49  Tempest  
  91  9:40  Pylon  
  91  9:41  Pylon  
  91  9:46  Pylon  
  91  9:57  Tempest x2  
  91  9:59  Tempest x2  
  104  10:27  Stargate, Probe x3 (Chrono Boost)  
  107  10:40  Tempest x2  
  115  11:01  Pylon  
  115  11:02  Pylon  
  115  11:03  Pylon  
  115  11:18  Tempest x2  
  123  11:28  Tempest x2  
  131  11:54  Tempest  
  131  12:01  Tempest  
  131  12:07  Tempest  
  139  12:50  Pylon  
  139  12:53  Pylon  
Show
View Real Time Build Order
Export as new Build Order

Manta Zerg - Winner!

Build Orders: Hatch First 

Get SALT Encoding   

  12  0:01  Drone  
  13  0:15  Drone  
  14  0:42  Overlord  
  14  0:58  Hatchery  
  14  1:02  Drone x3  
  16  1:06  Extractor  
  15  1:20  Spawning Pool  
  14  1:41  Drone x2  
  14  1:42  Drone  
  14  1:46  Extractor  
  16  2:04  Hatchery  
  15  2:12  Drone x2  
  17  2:19  Drone  
  17  2:22  Queen  
  18  2:28  Drone  
  15  3:29  Zergling x4  
  15  3:30  Zergling x2  
  17  3:50  Drone  
  17  4:20  Queen  
  17  4:21  Queen  
  21  4:31  Zergling x8  
  22  4:33  Zergling x2  
  26  4:49  Drone x2  
  28  4:55  Drone x4  
  32  5:09  Drone x2  
  32  5:11  Overlord  
  34  5:32  Drone x8  
  42  5:37  Overlord  
  40  6:28  Metabolic Boost  
  40  6:39  Spore Crawler  
  39  6:41  Spore Crawler  
  39  6:42  Extractor  
  39  6:46  Lair, Extractor  
  36  6:51  Extractor  
  36  6:52  Extractor  
  36  6:53  Drone x8  
  42  6:55  Drone x2  
  42  6:56  Drone x6  
  42  6:58  Overlord x3  
  50  7:28  Drone x2  
  52  7:36  Drone  
  53  7:40  Drone x2, Hatchery  
  53  7:41  Drone  
  53  7:42  Drone x3  
  58  7:53  Spire  
  57  8:00  Drone x13  
  70  8:24  Spore Crawler  
  69  8:29  Overlord x2  
  69  8:30  Hatchery  
  68  8:44  Drone  
  68  8:45  Drone x5  
  68  8:46  Overlord  
  68  8:47  Overlord x9  
  74  9:10  Queen  
  76  9:18  Mutalisk x6  
  76  9:19  Mutalisk x6  
  100  9:33  Drone x2  
  100  9:34  Drone x2  
  100  9:35  Zerg Flyer Armor Level 1  
  104  9:42  Queen  
  106  9:46  Mutalisk  
  106  9:47  Mutalisk x6  
  120  9:55  Drone x4  
  120  9:56  Drone  
  125  10:11  Mutalisk x4  
  133  10:35  Mutalisk  
  133  10:36  Mutalisk x3  
  133  10:39  Drone x2  
  133  10:40  Drone x11  
  133  10:41  Drone x2  
  133  10:42  Drone  
  157  10:55  Extractor  
  156  10:58  Extractor  
  153  11:54  Overlord x2  
  153  11:55  Overlord x5  
  153  11:56  Mutalisk x5  
  153  11:57  Mutalisk x5  
  173  12:18  Mutalisk  
  173  12:19  Mutalisk x4  
  173  12:21  Mutalisk  
  173  12:22  Zergling x14  
  187  12:23  Zergling x2  
Show
View Real Time Build Order
Export as new Build Order

Zarc Terran - Winner!

Build Orders:  

Get SALT Encoding   

  12  0:02  SCV  
  13  0:14  SCV  
  13  0:19  Supply Depot  
  14  0:26  SCV  
  15  0:41  SCV  
  16  0:43  Barracks  
  16  0:47  Refinery  
  16  0:53  SCV  
  17  0:59  Refinery  
  17  1:05  SCV  
  18  1:17  SCV  
  19  1:29  SCV  
  20  1:41  SCV  
  20  1:42  Factory  
  21  1:48  Barracks Reactor  
  21  1:53  SCV  
  22  2:05  SCV  
  22  2:07  Supply Depot  
  23  2:29  SCV  
  24  2:32  Starport  
  24  2:39  Widow Mine x2  
  24  2:41  SCV  
  29  2:53  Barracks Reactor, SCV  
  30  3:05  SCV  
  31  3:23  Starport Reactor  
  31  3:29  Supply Depot  
  31  3:46  Command Center  
  31  3:50  Widow Mine x2  
  31  3:51  SCV  
  31  3:52  Supply Depot  
  36  4:16  Supply Depot  
  36  4:19  Widow Mine x2  
  40  4:39  Supply Depot  
  40  4:42  Orbital Command  
  40  4:45  Medivac  
  42  4:47  Medivac  
  44  5:01  Widow Mine  
  44  5:02  Supply Depot, Widow Mine  
  48  5:12  Factory  
  48  5:19  Refinery  
  48  5:20  SCV  
  49  5:30  Widow Mine x2  
  49  5:32  SCV  
  54  5:44  SCV  
  54  5:45  Refinery  
  55  5:56  SCV  
  56  5:58  Factory Reactor, Widow Mine  
  56  5:59  Widow Mine  
  60  6:27  Widow Mine x2  
  64  6:37  SCV x2  
  66  6:49  SCV x2  
  68  6:56  Widow Mine x2  
  69  7:01  SCV x2  
  66  7:13  SCV x2  
  68  7:24  Widow Mine x2  
  68  7:25  SCV  
  73  8:07  Orbital Command  
  73  8:14  Factory  
  73  8:18  Factory  
  71  8:21  Factory  
  71  8:29  Widow Mine x2  
  71  8:30  Widow Mine x2  
  75  8:58  Widow Mine x4  
  67  9:25  Factory Tech Lab x2  
  67  9:26  Widow Mine  
  67  9:27  Widow Mine x3, Factory Tech Lab  
  75  9:55  Widow Mine x4  
  83  10:16  SCV x2, Armory  
  85  10:28  SCV  
  86  10:33  Command Center  
  86  11:01  Command Center  
  86  11:04  Armory  
  86  11:22  SCV x2  
  86  11:29  Supply Depot  
  86  11:45  SCV x3  
  89  11:52  Supply Depot  
  89  11:55  Refinery  
  89  11:57  SCV x3  
  86  12:09  SCV  
  86  12:12  Command Center  
  87  12:15  Supply Depot  
  87  12:20  Refinery  
  87  12:21  SCV  
  106  12:33  SCV  
  107  12:37  Supply Depot  
Show
View Real Time Build Order
Export as new Build Order

Rye Terran 

Build Orders: Reaper Expand 

Get SALT Encoding   

  12  0:01  SCV  
  13  0:13  SCV  
  14  0:17  Supply Depot  
  14  0:25  SCV  
  15  0:39  SCV  
  15  0:41  Barracks  
  16  0:46  Refinery  
  16  0:51  SCV  
  17  1:03  SCV  
  18  1:15  SCV  
  19  1:28  Reaper  
  20  1:34  Supply Depot  
  20  1:42  Refinery  
  20  2:05  Factory  
  20  2:09  Command Center  
  20  2:10  Barracks  
  20  2:24  Barracks Reactor  
  20  2:25  Orbital Command  
  20  2:42  Engineering Bay  
  20  3:00  Marine x2  
  20  3:01  Marine  
  20  3:02  Widow Mine  
  25  3:22  Marine x2  
  25  3:24  Barracks Tech Lab  
  27  3:36  SCV, Factory Tech Lab  
  27  3:39  Marine  
  27  3:40  Marine  
  30  4:00  Stimpack  
  30  4:05  Marine x2  
  30  4:06  Marauder  
  34  4:12  Starport  
  34  4:16  SCV  
  35  4:23  Marine  
  35  4:38  Missile Turret, SCV  
  35  4:41  Orbital Command  
  35  4:44  Supply Depot  
  36  4:49  Missile Turret  
  36  4:50  SCV  
  37  4:54  Medivac  
  39  5:03  SCV  
  39  5:06  Terran Infantry Weapons Level 1  
  40  5:14  Barracks  
  40  5:15  SCV  
  40  5:19  SCV  
  42  5:24  Marine x2  
  42  5:27  SCV  
  45  5:30  Siege Tank  
  48  5:47  SCV x2  
  50  5:53  Marine x2  
  50  5:56  Starport Reactor  
  52  6:11  Marine  
  52  6:12  Marine  
  52  6:15  Barracks Reactor  
  53  6:32  Marine  
  54  6:40  Supply Depot  
  54  6:41  Supply Depot  
  54  6:43  Supply Depot  
  54  6:53  Viking x2, Refinery, SCV, Barracks  
  54  6:54  Siege Tank  
  62  7:02  SCV  
  63  7:14  SCV x2  
  65  7:20  Terran Infantry Armor Level 1  
  65  7:23  Engineering Bay  
  65  7:26  Siege Tank  
  65  7:28  Viking x2, Armory  
  72  7:31  Marine x2  
  72  7:33  Marauder, Marine  
  77  7:41  Barracks  
  77  7:49  Starport  
  77  7:51  Marine  
  78  7:52  SCV x2  
  77  8:18  Viking x2  
  77  8:30  SCV x2  
  75  8:46  Viking  
  75  8:48  Viking x2  
  73  9:05  SCV x2  
  73  9:16  Viking  
  71  9:18  Viking  
  67  9:24  Viking  
  60  9:38  Refinery  
  57  9:46  Viking  
  57  9:48  Viking  
  60  9:58  Viking  
  62  10:01  Marine  
  62  10:04  Marine  
  62  10:06  Marine  
  62  10:11  Marine x2  
  62  10:18  SCV x2  
  62  10:22  Marine x2  
  62  10:33  Supply Depot, SCV  
  62  10:35  Supply Depot  
  62  10:36  SCV  
  62  10:38  Marine  
  62  10:41  Supply Depot  
  61  10:48  Viking  
  61  10:50  Viking  
  61  10:52  Supply Depot  
  61  10:53  Supply Depot  
  61  10:55  Viking  
Show
View Real Time Build Order
Export as new Build Order

MadKid Protoss 

Build Orders: 1 Gate Expand, Double Forge, Zealot Archon 

Get SALT Encoding   

  12  0:08  Probe (Chrono Boost)  
  13  0:18  Probe (Chrono Boost)  
  14  0:27  Pylon  
  14  0:29  Probe (Chrono Boost)  
  15  0:43  Assimilator  
  15  0:45  Probe (Chrono Boost)  
  15  0:47  Gateway  
  16  0:56  Probe (Chrono Boost)  
  17  1:19  Nexus  
  17  1:22  Probe (Chrono Boost)  
  18  1:28  Assimilator  
  18  1:41  Cybernetics Core  
  18  1:43  Probe (Chrono Boost)  
  19  1:54  Probe (Chrono Boost)  
  20  2:04  Probe (Chrono Boost)  
  21  2:15  Probe (Chrono Boost)  
  22  2:17  Warp Gate  
  22  2:27  Twilight Council  
  22  2:31  Mothership Core (Chrono Boost)  
  22  2:32  Pylon, Probe (Chrono Boost)  
  25  2:43  Probe (Chrono Boost)  
  26  2:48  Pylon  
  26  2:50  Probe (Chrono Boost)  
  27  2:55  Probe (Chrono Boost)  
  28  3:00  Probe (Chrono Boost)  
  28  3:05  Charge  
  29  3:06  Probe (Chrono Boost)  
  30  3:20  Probe (Chrono Boost)  
  30  3:21  Robotics Facility  
  30  3:22  Probe (Chrono Boost)  
  32  3:31  Probe (Chrono Boost)  
  32  3:32  Probe (Chrono Boost)  
  34  3:41  Assimilator  
  34  3:54  Probe (Chrono Boost)  
  34  3:55  Probe (Chrono Boost)  
  36  4:05  Probe x2 (Chrono Boost)  
  36  4:07  Templar Archives  
  36  4:09  Pylon  
  38  4:15  Probe (Chrono Boost), Gateway  
  38  4:16  Probe (Chrono Boost)  
  40  4:17  Forge  
  40  4:19  Forge  
  40  4:26  Probe x2 (Chrono Boost)  
  40  4:30  Assimilator  
  42  4:37  Probe x2 (Chrono Boost)  
  44  4:47  Pylon, Probe (Chrono Boost)  
  44  4:51  Probe (Chrono Boost)  
  44  4:52  Gateway  
  46  4:55  Psionic Storm, Gateway  
  46  4:58  Probe (Chrono Boost)  
  47  5:00  Photon Cannon  
  47  5:03  Photon Cannon  
  47  5:11  Protoss Ground Weapons Level 1  
  47  5:12  Protoss Ground Armor Level 1  
  47  5:19  Gateway  
  47  5:23  High Templar  
  47  5:24  High Templar, Gateway  
  51  5:28  Archon  
  51  5:36  Pylon  
  51  5:56  High Templar x2  
  55  5:57  Zealot  
  55  5:58  Zealot  
  59  6:04  Pylon  
  59  6:07  Gateway  
  59  6:08  Gateway  
  59  6:09  Gateway  
  59  6:14  Archon  
  59  6:19  Zealot  
  59  6:20  Zealot  
  63  6:43  High Templar x3  
  63  6:44  High Templar x2  
  63  6:46  Zealot  
  75  6:48  Archon x2  
  75  7:09  Zealot  
  77  7:26  Zealot x3  
  77  7:27  Zealot  
  77  7:29  Protoss Ground Weapons Level 2, Protoss Ground Armor Level 2  
  85  7:30  Nexus  
  85  7:31  Pylon  
  84  7:39  Stalker  
  86  7:45  Pylon  
  86  7:49  Pylon  
  86  7:55  Pylon  
  86  7:57  Pylon  
  86  8:04  Observer  
  87  8:14  High Templar x4  
  87  8:15  Zealot  
  87  8:16  Zealot x2  
  87  8:17  Zealot  
  87  8:18  Zealot  
  105  8:20  Archon x2  
  105  8:25  Observer  
  106  8:31  Pylon  
  106  8:33  Pylon  
  106  8:37  Zealot x4  
  113  8:50  Zealot x2  
  113  8:51  Zealot x2  
  121  8:58  High Templar x3  
  127  9:05  Pylon  
  127  9:07  Pylon  
  123  9:23  Zealot x3  
  123  9:24  Zealot x3  
  129  9:50  Stargate  
  129  9:51  Stargate, Pylon  
  129  9:53  Pylon  
  129  9:54  Stargate  
  129  9:55  Pylon  
  129  9:58  Archon  
  129  10:01  High Templar  
  131  10:18  High Templar  
  131  10:20  Zealot x7  
  147  10:35  Zealot  
  149  10:42  Void Ray  
  155  10:51  Zealot  
  155  10:52  Zealot x6  
  155  10:53  Zealot  
  171  10:58  Archon  
  164  11:43  Pylon  
  164  11:46  Pylon  
  164  11:48  Pylon  
  164  11:50  Pylon  
  164  11:54  Pylon  
Show
View Real Time Build Order
Export as new Build Order

Doraemxi Terran 

Build Orders: MMM Bio 

Get SALT Encoding   

  12  0:01  SCV  
  13  0:13  SCV  
  14  0:22  Supply Depot  
  14  0:26  SCV  
  15  0:43  SCV  
  16  0:51  Barracks  
  16  0:58  Refinery  
  16  1:03  SCV  
  17  1:15  SCV  
  18  1:27  SCV  
  18  1:29  Refinery  
  19  1:33  Barracks  
  19  1:38  Supply Depot  
  19  1:43  SCV  
  19  1:46  Reaper  
  21  1:51  Barracks  
  21  2:00  SCV  
  22  2:09  Supply Depot  
  22  2:12  SCV  
  23  2:19  Reaper  
  24  2:25  SCV  
  25  2:33  Reaper  
  27  2:37  SCV  
  27  2:38  Reaper  
  27  2:43  Supply Depot  
  28  2:51  Reaper  
  29  3:05  Reaper  
  30  3:13  Factory  
  30  3:17  Barracks Tech Lab  
  30  3:32  Barracks Reactor  
  30  3:36  Orbital Command  
  30  3:41  Command Center  
  29  4:52  Marine x2  
  28  4:53  Marine x2  
  31  5:04  Engineering Bay  
  31  5:07  SCV  
  31  5:09  SCV  
  31  5:10  Marine x3  
  31  5:11  Marine  
  37  5:16  Stimpack  
  37  5:19  SCV  
  38  5:21  SCV  
  38  5:25  Factory Tech Lab  
  38  5:28  Marine x4  
  39  5:31  SCV  
  39  5:33  Starport  
  45  5:41  Terran Infantry Weapons Level 1  
  44  5:43  SCV  
  44  5:44  Barracks  
  42  6:06  Marine x4  
  46  6:16  Missile Turret  
  46  6:20  SCV x2  
  46  6:23  Marine  
  46  6:24  Marine  
  50  6:32  SCV  
  51  6:34  Missile Turret  
  51  6:35  Barracks Tech Lab  
  51  6:39  Viking  
  53  6:54  Combat Shields  
  53  7:09  Viking  
  53  7:11  Marauder x2  
  59  7:20  Barracks Tech Lab  
  59  7:32  Marauder x2  
  59  7:35  Terran Infantry Armor Level 1  
  59  7:39  Viking  
  61  8:07  Marauder  
  61  8:11  Viking  
  62  8:17  SCV  
  62  8:19  SCV  
  61  8:44  Viking  
  60  9:11  Marine x2  
  62  9:17  Concussive Shells  
  62  9:24  Missile Turret  
  62  9:55  Supply Depot  
  62  10:13  Marine x2  
  62  10:15  Marine x2  
  62  10:17  Viking, SCV x2  
  62  10:18  Supply Depot  
  66  10:29  SCV x2  
  66  10:34  Starport  
  68  10:41  Supply Depot, SCV x2  
  70  10:46  Medivac  
  70  10:49  Marine x5  
  77  10:53  SCV  
  78  11:03  SCV  
  79  11:05  SCV  
  79  11:06  Marine  
  79  11:07  Supply Depot, Marine x4  
  85  11:15  SCV  
  85  11:16  Refinery  
  86  11:28  Viking, Marine x2  
Tags
 
Add a new tag
Caveats
  • Supply blocks, unpowered buildings, or Contaminate may cause inaccurate times.
  • Supply counts are checked every 10 seconds.